[Event "Millennium-Meisterturnier 2022"]
[Site "Tornelo"]
[Date "2022.03.23"]
[Round "7.1"]
[White "Huber, Benedikt"]
[Black "Costa, Leonardo"]
[Result "1-0"]
[ECO "E05"]
[WhiteElo "2191"]
[BlackElo "2324"]
[Annotator "NA"]
[PlyCount "145"]
[EventDate "2022.03.23"]
[EventType "tourn"]
[EventCountry "NET"]
[SourceTitle "playchess.com"]
[Source "ChessBase"]
[SourceQuality "1"]
[TimeControl "40/5400+30:1800+30"]

1. d4 d5 2. c4 e6 3. Nf3 Nf6 4. g3 Be7 5. Bg2 O-O 6. O-O dxc4 7. Qc2 a6 8. a4 Bd7 9. Qxc4 Bc6 10. Be3 Bd5 11. Qc1 Nbd7 12. Nc3 Rc8 13. Nxd5 exd5 14. b3 c6 15. Qb2 Bd6 16. Ne1 Qe7 17. Nd3 Ng4 18. Bf4 Rce8 19. Bxd6 Qxd6 20. h3 Ngf6 21. e3 Ne4 22. Rac1 h5 23. h4 Re7 24. Bxe4 Rxe4 25. Qe2 Qh6 26. Qf3 Nb6 27. Kg2 Nc8 28. Nf4 g6 29. Ne2 Nd6 30. Nc3 Re6 31. b4 b5 32. axb5 axb5 33. Ra1 Qg7 34. Ra6 Rf6 35. Qe2 Nf5 36. Qd3 Re8 37. Rfa1 Qf8 38. Nxd5 Rd6 39. Nc3 Rde6 40. e4 Ng7 41. d5 cxd5 42. Nxd5 Kh8 43. Rxe6 Nxe6 44. Qxb5 Rb8 45. Qd3 Qg7 46. Ra7 Nd4 47. Qe3 Nc6 48. Qf4 Rf8 49. Rd7 Ne5 50. Rc7 Nd3 51. Qd6 Nxf2 52. Kxf2 Qd4+ 53. Ke2 Qxe4+ 54. Ne3 Kg8 55. Qe7 Qb1 56. Rd7 Qb2+ 57. Kf3 Kg7 58. Qd6 Qb1 59. Qd1 Qxb4 60. Qd4+ Qxd4 61. Rxd4 Ra8 62. Kf4 Ra5 63. Rd3 Ra4+ 64. Kf3 f6 65. Rd7+ Kh6 66. Rf7 f5 67. Nd5 Ra3+ 68. Kg2 Ra2+ 69. Kh3 Ra3 70. Nf4 Ra6 71. Re7 Ra8 72. Ne6 f4 73. Ng5 1-0

[Event "Millennium-Meisterturnier 2022"]
[Site "Tornelo"]
[Date "2022.03.23"]
[Round "7.2"]
[White "Prusikin, Michael"]
[Black "Nestorovic, Nikola"]
[Result "0-1"]
[ECO "B62"]
[WhiteElo "2540"]
[BlackElo "2456"]
[Annotator "ChessBase"]
[PlyCount "84"]
[EventDate "2022.03.23"]
[EventType "tourn"]
[EventCountry "NET"]
[SourceTitle "playchess.com"]
[Source "ChessBase"]
[SourceQuality "1"]
[TimeControl "40/5400+30:1800+30"]

1. e4 c5 2. Nf3 d6 3. d4 cxd4 4. Nxd4 Nf6 5. Nc3 Nc6 6. Bg5 e6 7. Bb5 Qb6 8. Bxf6 gxf6 9. Nb3 Rg8 10. O-O Bd7 11. Kh1 a6 12. Be2 h5 13. f4 h4 14. Rf3 Be7 15. a4 Na5 16. Nd4 Nc6 17. Nb3 Na5 18. Nxa5 Qxa5 19. Rb1 Qb4 20. Rd3 Bc6 21. Rd4 Qb6 22. Bf3 h3 23. gxh3 f5 24. a5 Qxa5 25. b4 Qb6 26. b5 axb5 27. Nxb5 Bxb5 28. c4 fxe4 29. Rxb5 Qxd4 30. Qxd4 exf3 31. Rxb7 f2 32. Rb1 Ra2 33. c5 Re2 34. Qa4+ Kf8 35. Rb8+ Kg7 36. Rxg8+ Kxg8 37. Kg2 Bh4 38. Qa8+ Kg7 39. Qa1+ e5 40. cxd6 Re1 41. Qxe5+ Rxe5 42. fxe5 Kf8 0-1

[Event "Millennium-Meisterturnier 2022"]
[Site "Tornelo"]
[Date "2022.03.23"]
[Round "7.3"]
[White "Schneider, Jana"]
[Black "Goldbeck, Lars"]
[Result "1-0"]
[ECO "C08"]
[WhiteElo "2266"]
[BlackElo "2259"]
[Annotator "NA"]
[PlyCount "53"]
[EventDate "2022.03.23"]
[EventType "tourn"]
[EventCountry "NET"]
[SourceTitle "playchess.com"]
[Source "ChessBase"]
[SourceQuality "1"]
[TimeControl "40/5400+30:1800+30"]

1. e4 e6 2. d4 d5 3. Nd2 a6 4. Ngf3 c5 5. exd5 exd5 6. Be2 Nc6 7. O-O c4 8. Re1 Be7 9. Nf1 Nf6 10. Ne5 O-O 11. Bf3 Be6 12. c3 Qb6 13. Qc2 Rfe8 14. Bf4 Rad8 15. Re2 Nxe5 16. Bxe5 Qc6 17. Rae1 b5 18. h3 g6 19. Ne3 h5 20. Qc1 Nd7 21. Nxd5 Bxd5 22. Bxd5 Qxd5 23. Bh2 Nc5 24. dxc5 Qd7 25. c6 Qd3 26. c7 Rd7 27. Rxe7 1-0

[Event "Millennium-Meisterturnier 2022"]
[Site "Tornelo"]
[Date "2022.03.23"]
[Round "7.4"]
[White "Hess, Max"]
[Black "Lohvinov, Petro"]
[Result "1/2-1/2"]
[ECO "A38"]
[WhiteElo "2395"]
[BlackElo "2230"]
[Annotator "NA"]
[PlyCount "115"]
[EventDate "2022.03.23"]
[EventType "tourn"]
[EventCountry "NET"]
[SourceTitle "playchess.com"]
[Source "ChessBase"]
[SourceQuality "1"]
[TimeControl "40/5400+30:1800+30"]

1. c4 Nf6 2. Nc3 c5 3. g3 Nc6 4. Bg2 g6 5. a3 Bg7 6. Rb1 a5 7. d3 O-O 8. Nf3 d5 9. cxd5 Nxd5 10. Nxd5 Qxd5 11. O-O Qd6 12. Be3 e5 13. Ng5 Nd4 14. Ne4 Qe7 15. Rc1 Bg4 16. Bxd4 cxd4 17. h3 Be6 18. Qd2 Bd5 19. Qc2 Bc6 20. Qc5 Qd7 21. Qd6 Qxd6 22. Nxd6 Bxg2 23. Kxg2 Rfd8 24. Nb5 Rac8 25. a4 Bh6 26. Rxc8 Rxc8 27. Na3 Rc5 28. Nc4 Bf8 29. f4 e4 30. Rb1 exd3 31. exd3 b5 32. axb5 Rxb5 33. Kf3 f5 34. Ra1 Bb4 35. g4 Kf7 36. Rg1 Be7 37. gxf5 gxf5 38. Ra1 Bb4 39. Ke2 Rb8 40. Rg1 Be7 41. Kd1 a4 42. Kc2 Rg8 43. Ne5+ Kf8 44. Rxg8+ Kxg8 45. Nc6 Bc5 46. b4 axb3+ 47. Kxb3 Bd6 48. Nxd4 Bxf4 49. Nxf5 Kf7 50. Kc4 Kf6 51. Nh4 Bg3 52. Nf3 Kf5 53. Nd4+ Kg5 54. Ne6+ Kh4 55. d4 h6 56. Ng7 Kxh3 57. Nf5 Bf4 58. Nxh6 1/2-1/2

[Event "Millennium-Meisterturnier 2022"]
[Site "Tornelo"]
[Date "2022.03.23"]
[Round "7.5"]
[White "Soham Das"]
[Black "Lerch, Johannes"]
[Result "1/2-1/2"]
[ECO "A13"]
[WhiteElo "2330"]
[BlackElo "2229"]
[Annotator "NA"]
[PlyCount "106"]
[EventDate "2022.03.23"]
[EventType "tourn"]
[EventCountry "NET"]
[SourceTitle "playchess.com"]
[Source "ChessBase"]
[SourceQuality "1"]
[TimeControl "40/5400+30:1800+30"]

1. Nf3 d5 2. g3 b6 3. Bg2 Bb7 4. c4 dxc4 5. Qa4+ Nd7 6. O-O Ngf6 7. Qxc4 e6 8. b3 c5 9. Bb2 Be7 10. d3 O-O 11. Nbd2 Rc8 12. Rac1 Qc7 13. Qc2 Rfd8 14. Rfd1 b5 15. Qb1 Qb8 16. Qa1 a6 17. Rc2 Qa8 18. Rdc1 Bf8 19. a3 Nd5 20. Bh3 h6 21. Ne5 Nxe5 22. Bxe5 Nb6 23. Bg4 Bd5 24. Rb1 Nd7 25. Bc3 Qb7 26. Rbc1 Re8 27. Rb1 Red8 28. Nc4 Qa7 29. Na5 Nb8 30. Qb2 Ba8 31. Rbc1 Qb6 32. b4 cxb4 33. Bxb4 Bxb4 34. axb4 Rxc2 35. Rxc2 Nc6 36. Nxc6 Bxc6 37. Qc3 Rc8 38. Qc5 Qxc5 39. Rxc5 Bb7 40. Rxc8+ Bxc8 41. Bf3 Kf8 42. Kf1 Ke7 43. Ke1 Kd6 44. Kd2 Kc7 45. Kc3 Bb7 46. Bg4 Kb6 47. e3 a5 48. bxa5+ Kxa5 49. Bd1 b4+ 50. Kb2 e5 51. Bb3 f6 52. Bf7 Bc6 53. f4 Kb5 1/2-1/2

[Event "Millennium-Meisterturnier 2022"]
[Site "Tornelo"]
[Date "2022.03.23"]
[Round "8.4"]
[White "Nestorovic, Nikola"]
[Black "Schneider, Jana"]
[Result "1-0"]
[ECO "C54"]
[WhiteElo "2456"]
[BlackElo "2266"]
[Annotator "ChessBase"]
[PlyCount "109"]
[EventDate "2022.03.23"]
[EventType "tourn"]
[EventCountry "NET"]
[SourceTitle "playchess.com"]
[Source "ChessBase"]
[SourceQuality "1"]
[TimeControl "40/5400+30:1800+30"]

1. e4 e5 2. Nf3 Nc6 3. Bc4 Bc5 4. d4 exd4 5. c3 Nf6 6. cxd4 Bb4+ 7. Nbd2 Bxd2+ 8. Bxd2 Nxe4 9. d5 Ne7 10. Bb4 d6 11. Qe2 Nf6 12. Bc3 O-O 13. Bxf6 gxf6 14. O-O-O c6 15. Rhe1 cxd5 16. Qxe7 Qxe7 17. Rxe7 dxc4 18. Rxd6 b5 19. Rxf6 Be6 20. Nd4 b4 21. Nxe6 fxe6 22. Rxf8+ Rxf8 23. f3 a5 24. Rxe6 Rf5 25. Rc6 Re5 26. Rxc4 Re1+ 27. Kc2 Re2+ 28. Kb3 Re3+ 29. Ka4 Re2 30. Rg4+ Kf7 31. h4 Rxb2 32. Kxa5 Kf6 33. Ka4 Rxa2+ 34. Kxb4 Rc2 35. Kb3 Rc1 36. Kb2 Rc5 37. Rf4+ Kg6 38. g4 h5 39. g5 Kg7 40. Rf6 Rc4 41. f4 Rc5 42. Kb3 Rc1 43. f5 Rh1 44. Rh6 Rxh4 45. f6+ Kg8 46. g6 Rf4 47. g7 Kf7 48. Rh8 Rg4 49. Rf8+ Ke6 50. g8=Q+ Rxg8 51. Rxg8 Kxf6 52. Kc3 Kf5 53. Kd3 Kf4 54. Ke2 h4 55. Kf2 1-0

[Event "Millennium-Meisterturnier 2022"]
[Site "Tornelo"]
[Date "2022.03.23"]
[Round "8.5"]
[White "Huber, Benedikt"]
[Black "Prusikin, Michael"]
[Result "1/2-1/2"]
[ECO "A62"]
[WhiteElo "2191"]
[BlackElo "2540"]
[Annotator "ChessBase"]
[PlyCount "90"]
[EventDate "2022.03.23"]
[EventType "tourn"]
[EventCountry "NET"]
[SourceTitle "playchess.com"]
[Source "ChessBase"]
[SourceQuality "1"]
[TimeControl "40/5400+30:1800+30"]

1. d4 Nf6 2. c4 e6 3. g3 c5 4. d5 exd5 5. cxd5 d6 6. Nc3 g6 7. Bg2 Bg7 8. Nf3 O-O 9. O-O Re8 10. Bf4 Bf5 11. Nd2 Nh5 12. e4 Nxf4 13. gxf4 Bd7 14. Nc4 Qf6 15. Qf3 Na6 16. e5 dxe5 17. Nxe5 Rad8 18. d6 Bc6 19. Nxc6 bxc6 20. Qxc6 Qxd6 21. Rad1 Qxc6 22. Bxc6 Rxd1 23. Rxd1 Rb8 24. Rd2 Nb4 25. Bf3 Bd4 26. Be2 f5 27. Bc4+ Kg7 28. Ne2 Nc6 29. b3 Kf6 30. Kf1 a5 31. Bd5 Nb4 32. Nxd4 cxd4 33. Bf3 Rd8 34. a3 Na6 35. Rb2 Nc5 36. Ke2 Ne6 37. b4 Nxf4+ 38. Kd2 axb4 39. axb4 Rd6 40. b5 Rb6 41. Bc6 Ke5 42. Ra2 Kd6 43. Ra7 h5 44. Rd7+ Kc5 45. Rd8 Kc4 1/2-1/2

[Event "Millennium-Meisterturnier 2022"]
[Site "Tornelo"]
[Date "2022.03.23"]
[Round "9.1"]
[White "Prusikin, Michael"]
[Black "Costa, Leonardo"]
[Result "1-0"]
[ECO "C78"]
[WhiteElo "2540"]
[BlackElo "2324"]
[Annotator "ChessBase"]
[PlyCount "71"]
[EventDate "2022.03.23"]
[EventType "tourn"]
[EventCountry "NET"]
[SourceTitle "playchess.com"]
[Source "ChessBase"]
[SourceQuality "1"]
[TimeControl "40/5400+30:1800+30"]

1. e4 e5 2. Nf3 Nc6 3. Bb5 a6 4. Ba4 Nf6 5. O-O b5 6. Bb3 Bc5 7. a4 Rb8 8. c3 d6 9. d4 Bb6 10. axb5 axb5 11. Qd3 O-O 12. Bg5 Bg4 13. Nbd2 Qd7 14. Bxf6 gxf6 15. Bd1 Kh8 16. Kh1 Rg8 17. d5 Ne7 18. Nh4 Ng6 19. Nxg6+ Rxg6 20. Bxg4 Qxg4 21. Qf3 Qg5 22. Rfd1 Rbg8 23. g3 f5 24. exf5 Rf6 25. Ne4 Qxf5 26. Qxf5 Rxf5 27. Kg2 Rh5 28. Ra3 Rh6 29. Rb3 f5 30. Nd2 e4 31. Rxb5 Re8 32. Nc4 Ba7 33. Rb7 Bb8 34. Ra1 Rg6 35. Ra8 Rgg8 36. Ne5 1-0

[Event "Millennium-Meisterturnier 2022"]
[Site "Tornelo"]
[Date "2022.03.23"]
[Round "9.3"]
[White "Hess, Max"]
[Black "Nestorovic, Nikola"]
[Result "1/2-1/2"]
[ECO "A07"]
[WhiteElo "2395"]
[BlackElo "2456"]
[Annotator "ChessBase"]
[PlyCount "94"]
[EventDate "2022.03.23"]
[EventType "tourn"]
[EventCountry "NET"]
[SourceTitle "playchess.com"]
[Source "ChessBase"]
[SourceQuality "1"]
[TimeControl "40/5400+30:1800+30"]

1. Nf3 d5 2. g3 b6 3. c4 d4 4. Bg2 Bb7 5. O-O c5 6. b4 Nd7 7. e3 dxe3 8. fxe3 Ngf6 9. bxc5 bxc5 10. d4 e6 11. e4 Bxe4 12. Nc3 Bxf3 13. Qxf3 cxd4 14. Qxa8 Qxa8 15. Bxa8 dxc3 16. Be3 Bc5 17. Bxc5 Nxc5 18. Rac1 Ke7 19. Bg2 Nfe4 20. Bxe4 Nxe4 21. Rfe1 f5 22. Rxe4 fxe4 23. Rxc3 Kd6 24. Kf2 Rf8+ 25. Ke2 Rf5 26. Ra3 a5 27. Rb3 Rc5 28. Rb7 Rxc4 29. Rxg7 Rc2+ 30. Ke3 Rxh2 31. Kxe4 h6 32. a3 Re2+ 33. Kd4 Ra2 34. Ra7 Rxa3 35. Ra6+ Kd7 36. Ra7+ Kc6 37. Ra6+ Kb5 38. Rxe6 Rxg3 39. Rxh6 a4 40. Rh8 Kb4 41. Rb8+ Ka3 42. Kc4 Ka2 43. Ra8 a3 44. Rb8 Ka1 45. Rb3 Rg4+ 46. Kc3 a2 47. Kc2 Rg2+ 1/2-1/2

[Event "Millennium-Meisterturnier 2022"]
[Site "Tornelo"]
[Date "2022.03.23"]
[Round "9.4"]
[White "Soham Das"]
[Black "Goldbeck, Lars"]
[Result "1-0"]
[ECO "C24"]
[WhiteElo "2330"]
[BlackElo "2259"]
[Annotator "NA"]
[PlyCount "79"]
[EventDate "2022.03.23"]
[EventType "tourn"]
[EventCountry "NET"]
[SourceTitle "playchess.com"]
[Source "ChessBase"]
[SourceQuality "1"]
[TimeControl "40/5400+30:1800+30"]

1. e4 e5 2. Bc4 Nf6 3. d3 c6 4. Nf3 d5 5. Bb3 Bb4+ 6. c3 Bd6 7. exd5 cxd5 8. O-O O-O 9. Bg5 Bc7 10. Re1 Nc6 11. Nbd2 Bg4 12. Nf1 Qd7 13. h3 Be6 14. Ba4 Ne8 15. Bh4 f6 16. Bg3 a6 17. Ne3 b5 18. Bb3 Na5 19. Bc2 Nd6 20. a4 Nf7 21. b4 Nc6 22. d4 e4 23. Nd2 f5 24. f4 g5 25. Rf1 Ne7 26. Nb3 Ng6 27. Nc5 Qd6 28. Bb3 Rad8 29. axb5 Nxf4 30. Bxf4 gxf4 31. Rxa6 Bb6 32. Nxe6 fxe3 33. Nxf8 f4 34. Qg4+ Kxf8 35. Rxb6 Qxb6 36. Qxf4 Qg6 37. Qxe3 Kg7 38. Qf4 Ng5 39. Qc7+ Kh6 40. Qxd8 1-0

[Event "Millennium-Meisterturnier 2022"]
[Site "Tornelo"]
[Date "2022.03.23"]
[Round "9.5"]
[White "Lerch, Johannes"]
[Black "Lohvinov, Petro"]
[Result "1-0"]
[ECO "B40"]
[WhiteElo "2229"]
[BlackElo "2230"]
[Annotator "NA"]
[PlyCount "153"]
[EventDate "2022.03.23"]
[EventType "tourn"]
[EventCountry "NET"]
[SourceTitle "playchess.com"]
[Source "ChessBase"]
[SourceQuality "1"]
[TimeControl "40/5400+30:1800+30"]

1. e4 c5 2. Nf3 e6 3. b3 b6 4. Bb2 Bb7 5. Nc3 d6 6. d4 cxd4 7. Qxd4 Ne7 8. O-O-O Nec6 9. Qe3 Be7 10. Kb1 O-O 11. Rg1 Nd7 12. g4 Qb8 13. g5 Nde5 14. Nxe5 dxe5 15. h4 Bc5 16. Qg3 Qc7 17. h5 Qe7 18. Bc4 Rad8 19. Rgf1 a6 20. a4 Rxd1+ 21. Nxd1 Bd4 22. f4 Bxb2 23. Nxb2 exf4 24. Qxf4 Na5 25. h6 e5 26. Qe3 Nxc4 27. Nxc4 b5 28. hxg7 Kxg7 29. Nb2 Qb4 30. Re1 Re8 31. Qf2 Bxe4 32. Qg3 bxa4 33. Nxa4 Kg8 34. Kb2 Bg6 35. Nc3 Qd4 36. Rd1 Qc5 37. Rd2 e4 38. Nd5 e3 39. Nf6+ Kh8 40. Re2 Re5 41. Nd7 Qd4+ 42. c3 Qxd7 43. Qxe5+ Kg8 44. Qxe3 Qd1 45. Qd2 Qb1+ 46. Ka3 Bd3 47. Re8+ Kg7 48. Qb2 Qf1 49. c4+ Kg6 50. Qe5 Bf5 51. Rd8 Kh5 52. Qf6 Qc1+ 53. Ka4 Bg6 54. Rd5 Qe3 55. Qe5 Qf2 56. Qd4 Qa2+ 57. Kb4 Qh2 58. Qd1+ Kh4 59. Rd4+ Kxg5 60. Qg4+ Kh6 61. Qf4+ Qxf4 62. Rxf4 Kg5 63. Rf2 f5 64. Kc3 Be8 65. Re2 Bh5 66. Re6 f4 67. Kd2 Kg4 68. Rxa6 Kg3 69. Rf6 f3 70. Ke1 Bg4 71. c5 h5 72. c6 h4 73. Rg6 h3 74. c7 f2+ 75. Kf1 Kh2 76. Rxg4 Kh1 77. c8=Q 1-0